 Dungeon Sprint DCSS version 0.31-a0-636-ge1c0e020e0 (webtiles) character file.

Game seed: 17833487798618719758

5189 Conn the Thaumaturge (level 10, -1/59 HPs)
             Began as an Octopode Fire Elementalist on Aug 26, 2023.
             Was an Elder of Sif Muna.
             Shot with a bolt by a yaktaur captain (24 damage)
             ... in the Dungeon (Sprint II: "The Violet Keep of Menkaure").
             The game lasted 00:14:38 (1280 turns).

Conn the Thaumaturge (Octopode Fire Elementalist)   Turns: 1280, Time: 00:14:39

Health: -1/59      AC:  1    Str:  8    XL:     10   Next: 60%
Magic:  16/27      EV: 14    Int: 22    God:    Sif Muna [****..]
Gold:   754        SH:  5    Dex: 12    Spells: 11/35 levels left

rFire   . . .        m - +3 dagger
rCold   . . .        n - +0 buckler
rNeg    . . .        (helmet restricted)
rPois   .            (no amulet)
rElec   .            (no ring)
rCorr   .            (no ring)
SInv    .            (no ring)
Will    .....        (no ring)
Stlth   +++          (no ring)
HPRegen 0.29/turn    (no ring)
MPRegen 0.20/turn    (no ring)
                     (no ring)

%: no teleportation
@: no status effects
A: almost no armour, amphibious, 8 rings, camouflage 1, gelatinous body 1,
(nimble swimmer 1), tentacles
a: Renounce Religion, Channel Magic, Forget Spell, Divine Exegesis


You were in the Dungeon.
You worshipped Sif Muna.
Sif Muna was greatly pleased with you.
You visited 1 branch You collected 974 gold pieces.
You spent 220 gold pieces at shops.

Inventory:

Hand Weapons
 m - a +3 dagger (weapon)
Armour
 n - a +0 buckler (worn)
Scrolls
 c - a scroll of immolation {unknown}
 e - a scroll of poison {unknown}
 f - 5 scrolls of identify {unknown}
 g - a scroll of summoning {unknown}
 i - a scroll of amnesia {unknown}
 l - a scroll of brand weapon {unknown}
Potions
 a - 5 potions of magic
 h - 2 potions of enlightenment
 j - a potion of resistance


   Skills:
 + Level 1.5 Fighting
 + Level 5.0 Dodging
 - Level 4.3 Stealth
 * Level 6.6 Shields
 - Level 1.0 Unarmed Combat
 * Level 13.3 Spellcasting
 * Level 8.2 Conjurations
 + Level 3.0 Hexes
 * Level 7.2 Summonings
 + Level 12.5 Fire Magic
 * Level 3.8 Air Magic
 + Level 0.2 Poison Magic
 * Level 7.4 Invocations


You had 11 spell levels left.
You knew the following spells:

 Your Spells              Type           Power      Damage    Failure   Level
a - Foxfire               Conj/Fire      100%       2x1d9     1%          1
b - Scorch                Fire           100%       2d9       1%          2
c - Inner Flame           Hex/Fire       48%        N/A       1%          3
d - Flame Wave            Conj/Fire      57%        2d14      1%          4
e - Summon Guardian Gole  Hex/Summ       37%        N/A       2%          3
f - Call Canine Familiar  Summ           46%        N/A       1%          3
g - Mephitic Cloud        Conj/Pois/Air  32%        N/A       3%          3
h - Summon Small Mammal   Summ           100%       N/A       1%          1
i - Fulminant Prism       Conj/Hex       19%        3d10      6%          4

Your spell library contained the following spells:

 Spells                   Type           Power      Damage    Failure   Level
 Magic Dart               Conj           100%       1d8       1%          1
 Call Imp                 Summ           92%        N/A       1%          2
 Volatile Blastmotes      Fire/Tloc      84%        2d17      1%          3
 Ignite Poison            Fire/Tmut/Pois 33%        N/A       3%          3
 Cigotuvi's Dreadful Rot  Necr/Pois/Air  40%        N/A       5%          2
 Apportation              Tloc           28%        N/A       6%          1
 Necrotise                Necr           56%        1d6       6%          1
 Cause Fear               Hex            14%        N/A       19%         4
 Freezing Cloud           Conj/Ice/Air   16%        6-21      32%         5
 Silence                  Hex/Air        14%        N/A       38%         5


Dungeon Overview and Level Annotations

Branches:
Dungeon (1/1)

Altars:
Cheibriados
Dithmenos
Elyvilon
Fedhas
Gozag
Hepliaklqana
Kikubaaqudgha
Makhleb
Nemelex Xobeh
Okawaru
Qazlal
Ru
Sif Muna
Trog
Uskayaw
Vehumet
Wu Jian
Xom
Yredelemnul
Zin
The Shining One
Jiyva
Lugonu

Shops:
D [?:![(=:==![:*(

Annotations:
D exclusions: obsidian statue and oklob plant


Innate Abilities, Weirdness & Mutations

You cannot wear most types of armour.
You are amphibious.
You can wear up to eight rings at the same time.
Your skin changes colour to match your surroundings (Stealth+).
Your rubbery body absorbs attacks. (AC +1, EV +1)
((You are camouflaged when in or above water. (Stealth+)))
You have tentacles for arms and can constrict up to eight enemies at once.


Message History

Your foxfire dissipates! x2
You start resting.
Your foxfire dissipates! x2
You start resting.
Your foxfire dissipates!
You start resting.
Your foxfire dissipates!
You start resting.
The wyvern hisses menacingly.
Your extra speed is starting to run out.
You start resting.
The wyvern hisses menacingly.
You feel yourself slow down.
You start resting.
The wyvern hisses menacingly.
A yaktaur captain comes into view. It is wielding a +0 dagger.
Casting: Foxfire (safe; 1% risk of failure)
Confirm with . or Enter, or press ? or * to list all spells.
Okay, then.
Unknown command.
Unknown command.
Casting: Foxfire (safe; 1% risk of failure)
Confirm with . or Enter, or press ? or * to list all spells.
Okay, then.
Unknown command.
Okay, then.
Okay, then.
Unknown command.
Casting: Foxfire (safe; 1% risk of failure)
Confirm with . or Enter, or press ? or * to list all spells.
Aiming: Mephitic Cloud (dangerous; 3% risk of failure)
Press: ? - help, Shift-Dir - straight line The ball explodes into a vile cloud!
The stinking cloud engulfs the yaktaur captain but does no damage.
The yaktaur captain shouts!
The yaktaur captain is engulfed in noxious fumes.
The yaktaur captain unwields a +0 dagger.
The yaktaur captain wields a +0 arbalest.
The yaktaur captain shoots a bolt.
The bolt hits you!!
You die...

############~~#+++#
###########~~~.....
##........#~~~~.##+
##∩.....∩.#~~~~##.#
##.∩...∩.∩#Z)~~#..#
##∩.∩.∩.∩.#~~####..
##.∩.○.∩..#K##.###'
##..∩☼§c..#)#.####†
##@†.○☼☼..'~'##†'.<
##........#~#...##.
#▓▓▓▓▓▓▓###~##.###+
##hhl######~~### .#
#l$.#F$ ##~~~#3#
#∩P?+F.# +#~##
#(.)#$##≈ ~~#
#?$.###≈○ ~~


You could see a yaktaur captain, 2 hell hogs, an oklob plant, 2 cane toads and 2
wyverns.

Vanquished Creatures
  Kirke (D)
  A centaur warrior (D)
  A skeletal warrior (D)
  2 deep trolls (D)
  An elephant (D)
  3 polar bears (D)
  A hornet (D)
  4 water moccasins (D)
  4 necrophages (D)
  3 worms (D)
  A spectral ball python (D)
  A spectral quokka (D)
23 creatures vanquished.

Vanquished Creatures (others)
  A yaktaur (D)
  Menkaure (D)
  A water moccasin (D)
  76 foxfires (D)
  A fulminant prism (D)
  8 tentacles (D)
88 creatures vanquished.

Grand Total: 111 creatures vanquished

Notes
Turn   | Place    | Note
-------+----------+-------------------------------------------
     0 | D        | Conn the Octopode Fire Elementalist began the quest for the
                  | Orb.
     0 | D        | Reached XP level 1. HP: 11/11 MP: 3/3
     1 | D        | Noticed a wyvern
     1 | D        | Noticed a wyvern
     4 | D        | Noticed a necrophage
     4 | D        | Noticed a necrophage
     4 | D        | Noticed a necrophage
     4 | D        | Noticed a necrophage
     9 | D        | Killed a necrophage
    10 | D        | Reached skill level 3 in Spellcasting
    10 | D        | Reached XP level 2. HP: 16/17 MP: 3/6
    10 | D        | Reached XP level 3. HP: 21/21 MP: 4/8
    10 | D        | Reached XP level 4. HP: 27/27 MP: 4/9
    15 | D        | Killed a necrophage
    16 | D        | Reached skill level 1 in Unarmed Combat
    16 | D        | Reached skill level 4 in Spellcasting
    16 | D        | Reached XP level 5. HP: 8/31 MP: 4/11
    21 | D        | Reached skill level 5 in Spellcasting
    31 | D        | Reached XP level 6. HP: 14/36 MP: 3/14
    38 | D        | Learned a level 2 spell: Scorch
    42 | D        | Learned a level 3 spell: Inner Flame
    47 | D        | Learned a level 4 spell: Flame Wave
    55 | D        | Noticed a neqoxec
    80 | D        | Killed a water moccasin
    80 | D        | Killed Menkaure
    85 | D        | Found Femulo's Antique Armour Emporium.
    85 | D        | Found Kuuveguj's General Store.
    85 | D        | Found Sit Sytwua's Jewellery Shoppe.
    85 | D        | Found Wouxaur's Antique Weapon Emporium.
    85 | D        | Found Tameret's Distillery.
    85 | D        | Found Baabb's Book Shoppe.
    86 | D        | Found Ralunofu's Jewellery Emporium.
    86 | D        | Found Gutiv's Book Shoppe.
    93 | D        | Found Enoor's Jewellery Shoppe.
    93 | D        | Found Telom's Antique Weapon Emporium.
    94 | D        | Noticed a wyvern
    95 | D        | Found Lafan's Antique Armour Emporium.
    95 | D        | Found Liwih's Distillery.
    95 | D        | Noticed a water moccasin
    95 | D        | Noticed a wyvern
    95 | D        | Noticed an oklob plant
    96 | D        | Found Paitz's Magic Scroll Shoppe.
    96 | D        | Found Ypaesa Afien's Book Shoppe.
    96 | D        | Found Xouhuso's Antique Armour Emporium.
    98 | D        | Noticed a hell hog
   103 | D        | Bought a book of Callings for 220 gold pieces
   107 | D        | Learned a level 3 spell: Summon Guardian Golem
   111 | D        | Learned a level 3 spell: Call Canine Familiar
   112 | D        | Noticed a hell hog
   117 | D        | Noticed a cane toad
   119 | D        | Noticed a cane toad
   139 | D        | Killed a water moccasin
   140 | D        | Reached skill level 6 in Spellcasting
   149 | D        | Noticed an obsidian statue
   159 | D        | Found an iron altar of Okawaru.
   159 | D        | Found a radiant altar of Vehumet.
   160 | D        | Found a sparkling altar of Nemelex Xobeh.
   160 | D        | Found a hide-covered altar of Uskayaw.
   160 | D        | Found a glowing silver altar of Zin.
   161 | D        | Found an opulent altar of Gozag.
   161 | D        | Found a burning altar of Makhleb.
   161 | D        | Found a bloodstained altar of Trog.
   162 | D        | Found a blossoming altar of Fedhas.
   162 | D        | Found a corrupted altar of Lugonu.
   162 | D        | Found a basalt altar of Yredelemnul.
   162 | D        | Found a shimmering blue altar of Sif Muna.
   163 | D        | Found a white marble altar of Elyvilon.
   163 | D        | Found an ancient bone altar of Kikubaaqudgha.
   164 | D        | Found a shadowy altar of Dithmenos.
   164 | D        | Found a viscous altar of Jiyva.
   165 | D        | Found a snail-covered altar of Cheibriados.
   167 | D        | Found a shimmering altar of Xom.
   167 | D        | Found a sacrificial altar of Ru.
   167 | D        | Found a hazy altar of Hepliaklqana.
   168 | D        | Found a glowing golden altar of the Shining One.
   168 | D        | Found an ornate altar of the Wu Jian Council.
   168 | D        | Found a stormy altar of Qazlal.
   170 | D        | Noticed a water moccasin
   171 | D        | Noticed a water moccasin
   175 | D        | Became a worshipper of Sif Muna the Loreminder
   189 | D        | Noticed a kraken
   190 | D        | Noticed a water moccasin
   301 | D        | Got Soycig's Folio of Curses
   432 | D        | Killed a water moccasin
   433 | D        | Reached skill level 1 in Shields
   433 | D        | Reached skill level 7 in Spellcasting
   433 | D        | Reached skill level 5 in Conjurations
   433 | D        | Reached skill level 1 in Invocations
   433 | D        | Reached XP level 7. HP: 22/41 MP: 9/17
   434 | D        | Reached * piety under Sif Muna
   435 | D        | Reached skill level 8 in Spellcasting
   435 | D        | Reached skill level 1 in Hexes
   435 | D        | Reached skill level 10 in Fire Magic
   437 | D        | Noticed a polar bear
   446 | D        | Killed a polar bear
   446 | D        | Noticed a hornet
   447 | D        | Reached skill level 5 in Dodging
   447 | D        | Reached XP level 8. HP: 40/47 MP: 1/20
   451 | D        | Killed a hornet
   452 | D        | Reached skill level 9 in Spellcasting
   454 | D        | Noticed a yaktaur
   462 | D        | Killed a yaktaur
   561 | D        | Learned a level 3 spell: Mephitic Cloud
   563 | D        | Learned a level 1 spell: Summon Small Mammal
   568 | D        | Learned a level 4 spell: Fulminant Prism
   573 | D        | Noticed a polar bear
   573 | D        | Noticed a polar bear
   581 | D        | Killed a polar bear
   581 | D        | Reached ** piety under Sif Muna
   582 | D        | Reached skill level 1 in Fighting
   582 | D        | Reached skill level 10 in Spellcasting
   582 | D        | Reached skill level 5 in Summonings
   602 | D        | Noticed a deep troll
   604 | D        | Noticed a flying skull
   604 | D        | Noticed a flying skull
   604 | D        | Noticed a flying skull
   604 | D        | Noticed a flying skull
   604 | D        | Noticed a flying skull
   604 | D        | Noticed a flying skull
   613 | D        | Noticed a deep troll
   629 | D        | Killed a deep troll
   630 | D        | Reached skill level 5 in Invocations
   630 | D        | Reached XP level 9. HP: 21/53 MP: 0/23
   885 | D        | Killed a deep troll
   886 | D        | Reached skill level 5 in Shields
   886 | D        | Reached skill level 11 in Spellcasting
   939 | D        | Killed a polar bear
  1029 | D        | Noticed a death drake
  1138 | D        | Noticed a crystal guardian
  1155 | D        | Noticed Kirke
  1155 | D        | Noticed a skeletal warrior
  1155 | D        | Noticed a kobold demonologist
  1156 | D        | Noticed a centaur warrior
  1164 | D        | Noticed an elephant
  1168 | D        | Killed a centaur warrior
  1168 | D        | Reached *** piety under Sif Muna
  1169 | D        | Reached skill level 12 in Spellcasting
  1169 | D        | Reached skill level 1 in Air Magic
  1169 | D        | Reached XP level 10. HP: 30/59 MP: 8/26
  1180 | D        | Killed a skeletal warrior
  1193 | D        | Noticed a manticore
  1197 | D        | Killed an elephant
  1198 | D        | Noticed a sphinx
  1198 | D        | Killed Kirke
  1198 | D        | Reached **** piety under Sif Muna
  1199 | D        | Reached skill level 13 in Spellcasting
  1277 | D        | Noticed a yaktaur captain
  1280 | D        | Shot with a bolt by a yaktaur captain

Illustrated notes

Levels and vault maps discovered:
D:        the_violet_keep_of_menkaure [sprint2_stairs_cluster_1,
          sprint2_shoproom, sprint2_temple, sprint2_basic_supplies,
          sprint2_obstacle_4, sprint2_obstacle_5, sprint2_obstacle_3,
          sprint2_obstacle_2, sprint2_obstacle_7, sprint2_timed_cluster_1,
          sprint2_smallroom_cluster_1, sprint2_smallroom_final_cluster_1,
          sprint2_transparent_cluster_1, sprint2_second_timed_cluster_1,
          sprint2_sniper_area_1, sprint2_heavy_combat_area_1,
          sprint2_mutation_trap_area_1, sprint2_forest_area_1,
          sprint2_light_combat_area_1, sprint2_behind_water_1,
          sprint2_near_end_vault_1]

Skill      XL: |  1  2  3  4  5  6  7  8  9 10 |
---------------+-------------------------------+-----
Dodging        | 3 4 5 |  5.0
Stealth        | 4 |  4.3
Spellcasting   | 3 4 5 7 8 10 12 13 | 13.3
Fire Magic     | 6 7 8 9 10 11 12 | 12.5
Unarmed Combat | 1 |  1.0
Conjurations   | 2 4 5 7 8 |  8.2
Summonings     | 2 4 5 6 7 |  7.2
Shields        | 1 3 4 5 6 |  6.6
Invocations    | 1 3 5 6 7 |  7.4
Hexes          | 1 2 3 |  3.0
Fighting       | 1 |  1.5
Air Magic      | 1 3 |  3.8
Poison Magic   | |  0.2

Action                     |  1- 3 |  4- 6 |  7- 9 | 10-12 || total
---------------------------+-------+-------+-------+-------++-------
  Melee: Unarmed           |     4 |    19 |       |       ||    23
         Constrict         |     1 |     4 |       |       ||     5
         Tentacles         |     1 |     2 |       |       ||     3
   Cast: Foxfire           |       |     3 |    32 |     7 ||    42
         Scorch            |       |    11 |    28 |     9 ||    48
         Summon Guardian G |       |     2 |     3 |     1 ||     6
         Inner Flame       |       |     2 |     1 |       ||     3
         Flame Wave        |       |     1 |     2 |     3 ||     6
         Mephitic Cloud    |       |       |     2 |     1 ||     3
         Fulminant Prism   |       |       |     1 |       ||     1
 Invoke: Channel Magic     |       |       |     1 |     1 ||     2
    Use: Potion            |     1 |     2 |     5 |     2 ||    10
         Scroll            |       |     1 |       |       ||     1
 Armour: Skin              |       |     3 |     1 |     1 ||     5
  Dodge: Dodged            |       |     9 |     7 |     3 ||    19
  Block: Buckler           |       |       |       |     3 ||     3

Table legend: (Time is in decaauts)
 A = Elapsed time spent in this place.
 B = Non-inter-level travel time spent in this place.
 C = Inter-level travel time spent in this place.
 D = Time resting spent in this place.
 E = Time spent auto-exploring this place.
 F = Levels seen in this place.
 G = Mean time per level.
                   A        B        C        D        E       F      G
               +--------+--------+--------+--------+--------+-----+--------+
         Total |   1275 |   1275 |      0 |    419 |      0 |   1 | 1275.0 |
       Dungeon |   1275 |   1275 |      0 |    419 |      0 |   1 | 1275.0 |
               +--------+--------+--------+--------+--------+-----+--------+

Top non-repeatable levels by time:
       D: 1275 daAuts
